 Dungeon Crawl Stone Soup version 0.30-a0-2-gf48d83f5e2 (webtiles) character file.

Game seed: 14049983665047592275

174 kae the Firebug (level 5, -2/28 HPs)
             Began as a Deep Elf Fire Elementalist on Aug 19, 2022.
             Was an Initiate of Vehumet.
             Slain by a gnoll
             ... wielding a +0 club
              (4 damage)
             ... on level 4 of the Dungeon.
             The game lasted 00:03:06 (3827 turns).

kae the Firebug (Deep Elf Fire Elementalist)        Turns: 3827, Time: 00:03:06

Health: -2/28      AC:  4    Str: 11    XL:     5   Next: 28%
Magic:  3/13       EV: 12    Int: 28    God:    Vehumet [......]
Gold:   294        SH:  0    Dex: 15    Spells: 3/12 levels left

rFire   . . .      SeeInvis .    (no weapon)
rCold   . . .      Faith    .    (no shield)
rNeg    . . .      Spirit   .    a - +0 robe
rPois   .          Reflect  .    (no helmet)
rElec   .          Harm     .    o - +1 cloak
rCorr   .          Rampage  .    (no gloves)
Will    .....                    (no boots)
Stlth   ++........               (no amulet)
HPRegen 0.09/turn                I - +6 ring of intelligence
MPRegen 0.13/turn                S - +6 ring of strength

@: no status effects
A: no striking features
a: Renounce Religion


You were on level 4 of the Dungeon.
You worshipped Vehumet.
Vehumet was noncommittal.
You visited 2 branches of the dungeon, and saw 5 of its levels.

You collected 294 gold pieces.


   Skills:
 - Level 2.4 Dodging
 - Level 2.4 Stealth
 + Level 4.3 Spellcasting
 * Level 3.5 Conjurations
 * Level 4.9 Fire Magic


You had 3 spell levels left.
You knew the following spells:

 Your Spells              Type           Power      Damage    Failure   Level
a - Foxfire               Conj/Fire      100%       2x1d9     1%          1
b - Scorch                Fire           66%        2d8       1%          2
c - Conjure Flame         Conj/Fire      29%        6-21      3%          3
d - Inner Flame           Hex/Fire       19%        N/A       8%          3

Your spell library contained the following spells:

 Spells                   Type           Power      Damage    Failure   Level
 Ozocubu's Armour         Ice            6%         N/A       22%         3
 Portal Projectile        Hex/Tloc       12%        N/A       22%         3
 Tukima's Dance           Hex            6%         N/A       22%         3
 Flame Wave               Conj/Fire      29%        2d9       12%         4
 Blade Hands              Tmut           3%         N/A       89%         5
 Ozocubu's Refrigeration  Ice            3%         4d8       100%        7

Inventory:

Missiles
 c - 23 stones
 h - 5 javelins
 r - 4 poisoned darts
Armour
 a - a +0 robe (worn)
 o - a +1 cloak (worn)
   (You found it on level 3 of the Dungeon)
Jewellery
 f - a ring of fire
   (You found it on level 3 of the Dungeon)
 F - a ring of protection from fire
   (You found it on level 3 of the Dungeon)
 I - a +6 ring of intelligence (left hand)
   (You took it off a kobold on level 2 of the Dungeon)
 S - a +6 ring of strength (right hand)
   (You found it on level 2 of the Dungeon)
 T - an amulet of faith {!P}
   (You found it on level 2 of the Dungeon)
Wands
 m - a wand of paralysis (4)
   (You found it on level 3 of the Dungeon)
 v - a wand of roots (12)
   (You found it on level 4 of the Dungeon)
Scrolls
 d - 2 scrolls of teleportation {@r4}
 e - a scroll of blinking {!r}
 k - a scroll of acquirement {unknown}
 q - a scroll of fog {unknown}
 s - a scroll of magic mapping {!r}
 t - a scroll of identify {@r1}
 u - a scroll of enchant armour {unknown}
Potions
 b - a potion of magic
 g - 2 potions of curing {unknown}
 i - a potion of degeneration {!q}
 j - 2 potions of brilliance
 l - a potion of resistance {unknown}
 n - a potion of might {unknown}
 p - a potion of heal wounds {unknown}

Dungeon Overview and Level Annotations

Branches:
Dungeon (4/15) Zot: 20329  Temple (1/1) D:4 Zot: 5840

Altars:
Cheibriados
Dithmenos
Elyvilon
Gozag
Kikubaaqudgha
Makhleb
Nemelex Xobeh
Ru
Uskayaw
Vehumet
Wu Jian
Yredelemnul
Zin
The Shining One

Annotations:
D:3 3 runed translucent doors, Grinder; Nebesus's ghost, novice NaNe

...#.####........
#.#..##.....>...
g.##............
#.###..##.##...##
##..##...##.##...##
#..# #...##........
#)# #.......##.###
#)####.....###.....
#g@).)...#.#...####
#####.###§§.#§.#
#.##§#§#.#.#
#..§§§§§§§.#
####§#§#§#.#
##§§§#..# ##§##.##
#....# ######


You could see a gnoll (combustible).


Message History

Casting: Foxfire (safe; 1% risk of failure)
Confirm with . or Enter, or press ? or * to list all spells.
You conjure some foxfire! 😕 MP[-1]
You lost 1 mp, and now have 4/13 mp.
A hobgoblin comes into view. 😕 HP[+1]
A hobgoblin is nearby!
A hobgoblin is nearby!
A hobgoblin is nearby!
Casting: Foxfire (safe; 1% risk of failure)
Confirm with . or Enter, or press ? or * to list all spells.
You conjure some foxfire!
The foxfire hits the hobgoblin. x2
You kill the hobgoblin!
Vehumet accepts your kill.
Key pressed, stopping explore.
Casting: Foxfire (safe; 1% risk of failure)
Confirm with . or Enter, or press ? or * to list all spells.
You conjure some foxfire! 😎 HP[+1] MP[+1]
Your hp is fully restored (28).
Casting: Foxfire (safe; 1% risk of failure)
Confirm with . or Enter, or press ? or * to list all spells.
You conjure some foxfire! 😎 MP[-1]
You lost 1 mp, and now have 4/13 mp.
Things that are here:
a +0 dagger; a +0 robe
Items here: ) [ ††.
Things that are here:
a +0 whip; a +0 leather armour; an orc corpse Key pressed, stopping explore.
A giant cockroach and a gnoll come into view.
Things that are here:
a +0 short sword; a +0 leather armour; 😎 MP[+7]
You regained 7 mp, and now have 11/13 mp.
There are monsters nearby!
There are monsters nearby!
There are monsters nearby!
A gnoll comes into view. It is wielding a +0 spear.
The gnoll moves out of view.
Casting: Foxfire (safe; 1% risk of failure)
Confirm with . or Enter, or press ? or * to list all spells.
Flames lash the gnoll.
The gnoll shouts!
The gnoll's fire resistance burns away. 😎 MP[-1]
You lost 1 mp, and now have 10/13 mp.
The gnoll attacks as you move away! The gnoll hits you with a +0 club.
Things that are here:
a +0 short sword; a +0 leather armour; 😕 HP[-1]
You take 1 damage, and now have 27/28 hp.
The gnoll is no longer more vulnerable to fire.
The gnoll hits you with a +0 club.
Things that are here:
a +0 whip; a +0 leather armour; an orc corpse 😮 HP[-6]
You take 6 damage, and now have 21/28 hp.
MASSIVE DAMAGE!! (PAUSE)
Casting: Scorch (safe; 1% risk of failure)
Confirm with . or Enter, or press ? or * to list all spells.
Flames lash the giant cockroach.
You kill the giant cockroach!
Vehumet accepts your kill.
You hear a shout!
The gnoll barely misses you. 😮 MP[-2]
You lost 2 mp, and now have 8/13 mp.
Casting: Scorch (safe; 1% risk of failure)
Confirm with . or Enter, or press ? or * to list all spells.
Flames lash the gnoll.
The gnoll shouts!
The gnoll's fire resistance burns away.
The gnoll hits you with a +0 club. The gnoll barely misses you.
The gnoll hits you from afar with a +0 spear!
* * * LOW HITPOINT WARNING * * *
😨 HP[-11] MP[-1]
You take 11 damage, and now have 10/28 hp.
MASSIVE DAMAGE!! (PAUSE)
You lost 1 mp, and now have 7/13 mp.
Casting: Scorch (safe; 1% risk of failure)
Confirm with . or Enter, or press ? or * to list all spells.
Flames lash the gnoll.
The gnoll is burned terribly!
You kill the gnoll!
Vehumet accepts your kill. The gnoll hits you with a +0 club!
* * * LOW HITPOINT WARNING * * *
The gnoll hits you with a +0 club.
* * * LOW HITPOINT WARNING * * *
😱 HP[-8] MP[-2]
You take 8 damage, and now have 2/28 hp.
MASSIVE DAMAGE!! (PAUSE)
You lost 2 mp, and now have 5/13 mp.
Casting: Scorch (safe; 1% risk of failure)
Confirm with . or Enter, or press ? or * to list all spells.
Flames lash the gnoll.
The gnoll's fire resistance burns away.
The gnoll closely misses you. The gnoll hits you with a +0 club.
You die...

Skill      XL: |  1  2  3  4 |
---------------+-------------+-----
Conjurations   | 2 3 |  3.5
Fire Magic     | 4 |  4.9
Spellcasting   | 4 |  4.3
Dodging        | |  2.4
Stealth        | |  2.4

Action                   |  1- 3 |  4- 6 || total
-------------------------+-------+-------++-------
 Cast: Foxfire           |    50 |    35 ||    85
       Scorch            |    18 |    22 ||    40
  Use: Scroll            |     8 |       ||     8
Armor: Robe              |     2 |     6 ||     8
Dodge: Dodged            |     8 |    19 ||    27

Levels and vault maps discovered:
D:1:      co_arrival_random_square_maze, layout_loops_ring
D:2:      layout_loops_ring, serial_glass, glass_columns_b, glass_columns_a,
          glass_columns_a, glass_columns_c, glass_columns_c, glass_columns_a,
          item_on_display_a, due_unseen_surprise, ebering_ecumenical_altar_mist,
          basic_altar, minmay_lizard_pond
D:3:      layout_basic, makhleb_altar_promises_db, ebering_ghost_rock_garden,
          kennysheep_flooded_box, minivault_5, uniq_grinder
D:4:      layout_rooms, kennysheep_mini_moat, grunt_dithmenos_smoke_and_mirrors,
          zin_academy, minmay_temple_entry_stoned_glass, item_on_display_a
Temple:   nicolae_temple_figure_zero

Notes
Turn   | Place    | Note
-------+----------+-------------------------------------------
     0 | D:1      | kae the Deep Elf Fire Elementalist began the quest for the
                  | Orb.
     0 | D:1      | Reached XP level 1. HP: 10/10 MP: 6/6
     0 | D:1      | magus.rc [v1.11.3]
   132 | D:1      | Reached XP level 2. HP: 15/15 MP: 5/8
   152 | D:1      | Learned a level 2 spell: Scorch
   431 | D:1      | Reached skill level 2 in Conjurations
   823 | D:1      | Reached XP level 3. HP: 19/19 MP: 6/9
  1128 | D:2      | Found an ancient bone altar of Kikubaaqudgha.
  1157 | D:2      | Reached skill level 4 in Fire Magic
  1622 | D:2      | Found a faded altar of an unknown god.
  2047 | D:3      | Reached XP level 4. HP: 24/24 MP: 6/11
  2178 | D:3      | Learned a level 3 spell: Conjure Flame
  2395 | D:3      | You add the spells Ozocubu's Armour and Ozocubu's
                  | Refrigeration to your library.
  2575 | D:3      | Noticed Grinder
  2617 | D:3      | Reached skill level 4 in Spellcasting
  2617 | D:3      | Reached skill level 3 in Conjurations
  2684 | D:3      | Found a burning altar of Makhleb.
  2684 | D:3      | Noticed a blizzard demon
  2687 | D:3      | Noticed an orange demon
  2687 | D:3      | Noticed a neqoxec
  2707 | D:3      | Found a runed translucent gate.
  2707 | D:3      | Found a runed translucent gate.
  2711 | D:3      | Found a runed translucent gate.
  2713 | D:3      | Noticed Nebesus's ghost (novice NaNe)
  2814 | D:3      | You pick up a book of Weapons and begin reading...
  2814 | D:3      | You add the spells Tukima's Dance, Portal Projectile and
                  | Blade Hands to your library.
  3025 | D:3      | Learned a level 3 spell: Inner Flame
  3077 | D:4      | Found a glowing golden altar of the Shining One.
  3292 | D:4      | Found a glowing silver altar of Zin.
  3444 | D:4      | Found a staircase to the Ecumenical Temple.
  3453 | Temple   | Entered the Ecumenical Temple
  3604 | Temple   | Became a worshipper of Vehumet
  3677 | D:4      | Found a shadowy altar of Dithmenos.
  3725 | D:4      | Reached XP level 5. HP: 25/28 MP: 7/13
  3824 | D:4      | HP: 3/28 [gnoll/+0 club (7)]
  3827 | D:4      | Slain by a gnoll

Vanquished Creatures
  An orc wizard (D:4)
  A gnoll (D:4)
  6 adders
  A dart slug (D:1)
  3 orcs (D:4)
  11 ball pythons
  5 endoplasms
  6 giant cockroaches
  8 goblins
  5 hobgoblins
  7 jackals
  4 quokkas
  3 bats (D:2)
  8 frilled lizards
  3 kobolds
  2 rats
74 creatures vanquished.

Vanquished Creatures (others)
  136 foxfires
136 creatures vanquished.

Grand Total: 210 creatures vanquished

Table legend:
 A = Non-vault XP
 B = Vault XP
 C = Vault XP percentage of total XP
 D = Non-vault monster count
 E = Vault monster count
 F = Vault count percentage of total count
                 A         B        C        D         E       F
            +---------+---------+-------+---------+---------+-------
      Total |     243 |       6 |   2.4 |      68 |       6 |   8.1
            +---------+---------+-------+---------+---------+-------
        D:1 |      45 |       0 |   0.0 |      25 |       0 |   0.0
        D:2 |      44 |       6 |  12.0 |      12 |       6 |  33.3
        D:3 |      65 |       0 |   0.0 |      17 |       0 |   0.0
        D:4 |      89 |       0 |   0.0 |      14 |       0 |   0.0
            +---------+---------+-------+---------+---------+-------

Illustrated notes

Table legend:
 A = Kills in this place as a percentage of kills in entire the game.
 B = Kills by you in this place as a percentage of kills by you in the entire game.
 C = Kills by friends in this place as a percentage of kills by friends in the entire game.
 D = Other kills in this place as a percentage of other kills in the entire game.
 E = Experience gained in this place as a percentage of experience gained in the entire game.
 F = Experience gained in this place divided by the number of levels of this place that you have seen.
                   A       B       C       D       E      F
               +-------+-------+-------+-------+-------+----------------------
         Total | 100.0 | 100.0 |   N/A |   N/A | 100.0 |  49.8
       Dungeon | 100.0 | 100.0 |   N/A |   N/A | 100.0 |  62.2
               +-------+-------+-------+-------+-------+----------------------

Table legend: (Time is in decaauts)
 A = Elapsed time spent in this place.
 B = Non-inter-level travel time spent in this place.
 C = Inter-level travel time spent in this place.
 D = Time resting spent in this place.
 E = Time spent auto-exploring this place.
 F = Levels seen in this place.
 G = Mean time per level.
                   A        B        C        D        E       F      G
               +--------+--------+--------+--------+--------+-----+--------+
         Total |   3828 |   3669 |    159 |     13 |   3203 |   5 |  765.6 |
       Dungeon |   3669 |   3555 |    114 |     13 |   3092 |   4 |  917.2 |
        Temple |    159 |    114 |     45 |      0 |    111 |   1 |  159.0 |
               +--------+--------+--------+--------+--------+-----+--------+

Top non-repeatable levels by time:
     D:1: 1128 daAuts
     D:3: 1035 daAuts
     D:2: 905 daAuts
     D:4: 599 daAuts
  Temple: 159 daAuts
